 Dungeon Crawl Stone Soup version 0.29-a0-878-g7b45a56 (webtiles) character file.

Game seed: 8613385053711931863

248802 GeorgeSoros the Bludgeoner (level 19, -8/153 HPs)
             Began as a Merfolk Ice Elementalist on July 19, 2022.
             Was a High Priest of Qazlal.
             Mangled by a +6 war axe of draining (12 damage)
             ... animated by Zenata
             ... on level 1 of the Vaults.
             The game lasted 02:31:52 (37671 turns).

GeorgeSoros the Bludgeoner (MfIE)                  Turns: 37671, Time: 02:31:52

Health: -8/153     AC: 28    Str: 10    XL:     19   Next: 58%
Magic:  2/28       EV: 22    Int: 26    God:    Qazlal [*****.]
Gold:   1217       SH: 22    Dex: 23    Spells: 6/22 levels left

rFire   + . .      SeeInvis .   a - +10 morningstar "Eos" {elec, Halo rElec}
rCold   . . .      Faith    .   g - +2 kite shield {rF+}
rNeg    . . .      Spirit   .   F - +5 robe of Fun and Games {rCorr Int+3}
rPois   +          Reflect  .   (helmet restricted)
rElec   +          Harm     .   C - +2 cloak
rCorr   +          Rampage  .   h - +1 pair of gloves
Will    +....                   k - +2 pair of boots
Stlth   +.........              S - amulet of magic regeneration
HPRegen 0.35/turn               R - +6 ring of dexterity
MPRegen 0.61/turn               W - ring of the Ban {+Blink Fly rPois Int+3}

@: ice-armoured, about to teleport, protected from physical damage, freezing
walls, flying, very slightly contaminated, glowing, repel missiles
A: (nimble swimmer 2), mertail, horns 1, thin skeletal structure 1
}: 2/15 runes: decaying, serpentine
a: Renounce Religion, Evoke Blink, Upheaval, Elemental Force, Disaster Area


You were on level 1 of the Vaults.
You worshipped Qazlal.
Qazlal was extremely pleased with you.
You visited 6 branches of the dungeon, and saw 31 of its levels.
You visited the Abyss 1 time.

You collected 2773 gold pieces.
You spent 1556 gold pieces at shops.

Inventory:

Hand Weapons
 a - the +10 morningstar "Eos" (weapon) {elec, Halo rElec}
   (You found it on level 3 of the Dungeon)

   It occasionally discharges a powerful burst of electricity upon striking a
   foe.
   It grants its wielder a halo, increasing accuracy against those within it.
   rElec:     It insulates you from electricity.
 b - a +3 vampiric trident
 e - a +1 trident of holy wrath
Missiles
 p - 19 curare-tipped darts
 E - 6 throwing nets
Armour
 d - a +1 buckler
 g - a +2 kite shield of fire resistance (worn)
 h - a +1 pair of gloves (worn)
 j - a +1 robe of the Archmagi
 k - a +2 pair of boots (worn)
 C - a +2 cloak (worn)
 F - the +5 robe of Fun and Games (worn) {rCorr Int+3}
   (You found it on level 7 of the Dungeon)

   Int:       It affects your intelligence (+3).
   rCorr:     It protects you from acid and corrosion.
 H - a +0 cloak of poison resistance
 K - a +1 helmet
Magical Staves
 G - a staff of cold
Jewellery
 n - a ring of willpower
 o - a +4 ring of protection
 w - a ring of see invisible
 Q - a +6 ring of intelligence
 R - a +6 ring of dexterity (left hand)
 S - an amulet of magic regeneration (around neck)
 W - the ring of the Ban (right hand) {+Blink Fly rPois Int+3}
   (You bought it in a shop on level 2 of the Orcish Mines)

   [ring of flight]

   Int:       It affects your intelligence (+3).
   rPois:     It protects you from poison.
   Fly:       It grants you flight.
   +Blink:    It lets you blink.
 Z - a ring of protection from cold
Wands
 q - a wand of mindburst (26)
 r - a wand of flame (80)
 z - a wand of digging (4)
 B - a wand of paralysis (20)
 D - a wand of roots (35)
 O - a wand of acid (7)
 X - a wand of polymorph (13)
Scrolls
 u - 6 scrolls of amnesia
 x - 7 scrolls of enchant weapon
 y - 20 scrolls of teleportation
 J - 3 scrolls of immolation
 L - 2 scrolls of summoning
 M - 9 scrolls of identify
 N - 2 scrolls of fear
 V - a scroll of enchant armour
 Y - 3 scrolls of magic mapping
Potions
 c - 7 potions of brilliance
 f - 6 potions of haste
 i - 11 potions of heal wounds
 l - a potion of might
 m - 6 potions of magic
 s - 11 potions of curing
 t - 5 potions of invisibility
 v - 3 potions of mutation
 A - 8 potions of ambrosia
 I - 6 potions of flight
 T - a potion of resistance
 U - 4 potions of cancellation
Miscellaneous
 P - a lightning rod (4/4)


   Skills:
 - Level 14.3 Fighting
 - Level 16.2 Maces & Flails
 - Level 12.7 Polearms
 + Level 13.4 Dodging
 - Level 2.1 Stealth
 + Level 10.9 Shields
 - Level 2.0 Spellcasting
 + Level 1.6 Conjurations
 - Level 10.3 Hexes
 - Level 13.2 Transmutations
 - Level 14.0 Ice Magic
 + Level 12.9 Invocations


You had 6 spell levels left.
You knew the following spells:

 Your Spells              Type           Power      Damage    Failure   Level
a - Freeze                Ice            100%       1d11      1%          1
b - Frozen Ramparts       Ice            100%       1d12      1%          3
c - Ozocubu's Armour      Ice            66%        N/A       1%          3
d - Yara's Violent Unrav  Hex/Tmut       29%        3d12      4%          5
e - Hailstorm             Conj/Ice       43%        3d10      9%          4

Your spell library contained the following spells:

 Spells                   Type           Power      Damage    Failure   Level
 Ensorcelled Hibernation  Hex/Ice        100%       N/A       1%          2
 Tukima's Dance           Hex            54%        N/A       1%          3
 Passwall                 Tmut/Erth      30%        N/A       2%          2
 Blade Hands              Tmut           31%        N/A       2%          5
 Dazzling Flash           Conj/Hex       66%        N/A       6%          3
 Portal Projectile        Hex/Tloc       58%        N/A       9%          3
 Ignite Poison            Fire/Tmut/Pois 25%        N/A       11%         3
 Magic Dart               Conj           44%        1d5       12%         1
 Petrify                  Tmut/Erth      36%        N/A       14%         4
 Foxfire                  Conj/Fire      24%        2x1d5     16%         1
 Fulminant Prism          Conj/Hex       16%        3d11      19%         4
 Apportation              Tloc           4%         N/A       22%         1
 Necrotise                Necr           8%         1d4       22%         1
 Summon Small Mammal      Summ           8%         N/A       22%         1
 Irradiate                Conj/Tmut      20%        3d18      28%         5
 Call Imp                 Summ           2%         N/A       32%         2
 Poisonous Vapours        Pois/Air       4%         N/A       32%         2
 Sublimation of Blood     Necr           2%         N/A       32%         2
 Conjure Flame            Conj/Fire      6%         6-21      43%         3
 Stone Arrow              Conj/Erth      12%        3d7       43%         3
 Mephitic Cloud           Conj/Pois/Air  5%         N/A       47%         3
 Swiftness                Air            2%         N/A       54%         3
 Vampiric Draining        Necr           2%         2d6       54%         3
 Freezing Cloud           Conj/Ice/Air   14%        6-21      58%         5
 Flame Wave               Conj/Fire      6%         2d5       85%         4
 Iskenderun's Mystic Bla  Conj/Tloc      6%         2d4       85%         4
 Sticky Flame             Conj/Fire      6%         2d3       85%         4
 Simulacrum               Ice/Necr       19%        N/A       88%         6
 Animate Armour           Summ/Erth      4%         N/A       91%         4
 Corpse Rot               Necr/Pois/Air  2%         N/A       91%         4
 Passage of Golubria      Tloc           2%         N/A       91%         4
 Agony                    Necr           2%         N/A       99%         5
 Lee's Rapid Deconstruct  Erth           1%         3d5*      99%         5
 Lightning Bolt           Conj/Air       3%         1d14      99%         5
 Starburst                Conj/Fire      3%         6d3       100%        6
 Ozocubu's Refrigeration  Ice            33%        4d11      52%         7
 Borgnjor's Revivificati  Necr           1%         N/A       100%        8
 Lehudib's Crystal Spear  Conj/Erth      3%         10d2      100%        8
 Necromutation            Tmut/Necr      18%        N/A       100%        8
 Death's Door             Necr           1%         N/A       100%        9
 Polar Vortex             Ice            33%        N/A       100%        9


Dungeon Overview and Level Annotations

Branches:
Dungeon (15/15)            Temple (0/1) D:5            Lair (5/5) D:11
  Swamp (4/4) Lair:2        Snake (4/4) Lair:2        Slime (0/5) Lair:5
    Orc (2/2) D:10            Elf (0/3) Orc:2        Vaults (1/5) D:14
 Depths: D:15

Altars:
Cheibriados
Dithmenos
Kikubaaqudgha
Nemelex Xobeh
Qazlal
Ru
Sif Muna
Uskayaw
Vehumet
Xom
Zin
Jiyva

Shops:
D:11 :   Orc:1 *   Orc:2 (!:=

Annotations:
Lair:1 exclusion: 3 oklob plants
Vaults:1 2 transporters, Zenata; alcopop's ghost, adept DjVM


Innate Abilities, Weirdness & Mutations

((You are very nimble when in or above water. (Stealth+, EV+, Speed+++)))
Your lower body shifts to a powerful aquatic tail in water.
You have a pair of small horns on your head.
You have a somewhat thin skeletal structure. (Dex +2, Stealth+)


Message History

Press: ? - help, Dir - move target, f - +0 scimitar of holy wrath
Aim: a +0 scimitar of holy wrath (lightly damaged, summoned, fast, haloed)
You miscast Yara's Violent Unravelling.
You are very lightly contaminated with residual magic.
Nothing appears to happen.
The +1 dire flail of protection completely misses you.
You block the +1 dire flail of protection's attack.
You block the +1 vampiric battleaxe's attack.
The +1 antimagic glaive is engulfed in freezing vapours.
You block the +1 antimagic glaive's attack.
The +1 dire flail of protection hits you but does no damage.
Zenata gestures, and weapons take to the air!
You block the +1 vampiric battleaxe's attack.
The +1 antimagic glaive is engulfed in freezing vapours.
The +1 antimagic glaive hits you from afar!
* * * LOW HITPOINT WARNING * * *
You feel your power leaking away.
As you read the scroll of teleportation, it crumbles to dust.
You feel strangely unstable.
The +1 vampiric battleaxe disappears in a puff of smoke!
The +0 scimitar of holy wrath disappears in a puff of smoke!
You block the +1 dire flail of protection's attack.
The +4 short sword of venom completely resists.
The wall freezes the +4 short sword of venom but does no damage.
The +4 short sword of venom hits you but does no damage.
The +6 war axe of draining completely resists.
The wall freezes the +6 war axe of draining but does no damage.
The +1 antimagic glaive is engulfed in freezing vapours.
The +1 antimagic glaive hits you but does no damage.
The +4 short sword of venom completely resists.
The wall freezes the +4 short sword of venom but does no damage.
The +4 short sword of venom hits you but does no damage.
The +1 dire flail of protection hits you!
* * * LOW HITPOINT WARNING * * *
You feel more protected from physical attacks.
Zenata casts a spell at you.
A blast of power from the earth and the adjacent constructs strikes you!
* * * LOW HITPOINT WARNING * * *
The +6 war axe of draining hits you!
You die...

####)####### #.).)..[.#
#.)......# #........#
#........# #........#
#........#
######'########+########
..............○.@(......
................((a(....
................((......
.................)......
########################


You could see Zenata (misshapen) and 6 dancing weapons.

Vanquished Creatures
  Mara (Swamp:4)
  Vashnia (Snake:4)
  Nikola (Snake:4)
  A tentacled monstrosity (Swamp:4)
  5 thorn hunters
  A tengu reaver (D:14)
  7 nagarajas
  3 vault wardens (Vaults:1)
  A fire giant (D:14)
  2 orc warlords (Orc:2)
  Aizul (Snake:2)
  A very ugly thing (Vaults:1)
  Nessos (Orc:2)
  An ironbound thunderhulk (Vaults:1)
  4 eleionomae
  6 bunyips
  A dire elephant (Vaults:1)
  An ettin (D:14)
  3 shambling mangroves
  A great orb of eyes (Vaults:1)
  4 boulder beetles
  17 hydras
  2 salamander tyrants
  A vault guard (D:14)
  2 ironbound frosthearts (Vaults:1)
  5 ogre magi
  5 centaur warriors (D:14)
  16 two-headed ogres
  8 alligators
  14 anacondas
  11 naga warriors
  An orc high priest (Orc:2)
  17 death yaks
  6 shock serpents
  12 naga sharpshooters
  Amaemon (Lair:3)
  9 salamander mystics
  6 skeletal warriors
  3 spriggan druids
  7 sea snakes (Snake:4)
  16 swamp dragons
  6 naga ritualists
  2 ironbound convokers (Vaults:1)
  4 goliath frogs
  6 bog bodies
  A lindwurm (Vaults:1)
  3 wizards
  Pikel (D:4)
  17 mana vipers
  A harpy (shapeshifter) (D:14)
  2 orc knights
  2 wolf spiders
  A deep elf pyromancer (D:13)
  An orc sorcerer (Orc:2)
  2 will-o-the-wisps
  6 ugly things
  15 salamanders
  9 slime creatures
  5 cyclopes
  5 manticores
  47 black mambas
  6 guardian serpents
  2 gargoyles
  3 vault sentinels (Vaults:1)
  3 elephants (Lair:2)
  14 cane toads
  17 naga magi
  An orange demon (Lair:3)
  2 unseen horrors (D:11)
  A freezing wraith (D:14)
  4 rime drakes
  4 kobold demonologists
  8 yaktaurs (Vaults:1)
  A rime drake (shapeshifter) (D:14)
  A komodo dragon (shapeshifter) (D:13)
  An efreet (D:14)
  A yaktaur (shapeshifter) (D:14)
  3 komodo dragons
  11 trolls
  A meliai (D:14)
  7 tyrant leeches
  A wind drake (shapeshifter) (D:14)
  13 hornets
  25 blink frogs
  12 dream sheep (Lair:5)
  8 spriggans
  2 shadows (D:11)
  12 wyverns
  5 wraiths
  9 humans
  67 yaks
  6 basilisks
  4 steam dragons
  3 redbacks (Lair:5)
  11 vampire mosquitoes
  11 swamp worms
  2 wargs (Orc:2)
  An acid dragon (D:10)
  37 nagas
  Duvessa (D:5)
  31 water moccasins
  28 orc warriors
  7 swamp drakes
  4 sky beasts
  2 black bears (D:5)
  An ice beast (shapeshifter) (D:14)
  26 ogres
  2 centaurs
  2 phantoms
  8 bullfrogs
  9 kobold brigands
  3 necrophages
  5 gnoll sergeants
  2 scorpions
  Dowan (D:5)
  19 killer bees
  A vampire bat (Lair:1)
  3 howler monkeys
  3 electric eels
  3 jellies
  5 hounds
  A gnoll bouda (D:6)
  19 orc priests
  Jessica (D:2)
  19 orc wizards
  3 iguanas
  Terence (D:2)
  16 gnolls
  2 adders
  A shadow imp (D:5)
  A white imp (D:6)
  2 ufetubi (D:6)
  2 worms (D:5)
  A dart slug (D:3)
  72 orcs
  5 ball pythons
  11 bats
  7 endoplasms
  2 giant cockroaches
  5 hobgoblins
  4 jackals (D:2)
  2 quokkas
  15 frilled lizards
  6 goblins
  26 kobolds
  2 rats
  2 briar patches
1056 creatures vanquished.

Vanquished Creatures (others)
  A nagaraja (Snake:4)
  A vault guard (D:14)
  A naga sharpshooter (Snake:4)
  A bloated husk (Swamp:4)
  A human (D:14)
  A naga (Snake:4)
  A swamp drake (Swamp:4)
  An ogre (Orc:2)
  5 briar patches
  A foxfire (Swamp:2)
  28 fungi
  95 plants
137 creatures vanquished.

Grand Total: 1193 creatures vanquished

Notes
Turn   | Place    | Note
-------+----------+-------------------------------------------
     0 | D:1      | GeorgeSoros the Merfolk Ice Elementalist began the quest
                  | for the Orb.
     0 | D:1      | Reached XP level 1. HP: 13/13 MP: 3/3
     7 | D:1      | Noticed a minotaur skeleton
     9 | D:1      | Noticed a minotaur skeleton
   330 | D:1      | Reached skill level 1 in Shields
   330 | D:1      | Reached XP level 2. HP: 19/19 MP: 0/5
  1025 | D:1      | Reached XP level 3. HP: 21/24 MP: 2/6
  1231 | D:1      | Learned a level 3 spell: Frozen Ramparts
  1643 | D:2      | Noticed Terence
  1811 | D:2      | Noticed a scorpion
  1850 | D:2      | Killed a scorpion
  1851 | D:2      | Reached skill level 5 in Ice Magic
  1851 | D:2      | Reached XP level 4. HP: 16/30 MP: 0/7
  1855 | D:2      | Learned a level 3 spell: Ozocubu's Armour
  1995 | D:2      | Found a faded altar of an unknown god.
  2082 | D:2      | Killed Terence
  2083 | D:2      | Reached XP level 5. HP: 35/35 MP: 3/8
  2463 | D:2      | Noticed Jessica
  2468 | D:2      | Killed Jessica
  2766 | D:3      | Noticed a phantom
  2766 | D:3      | Found the +10 morningstar "Eos" {elec, Halo rElec}
  2805 | D:3      | Noticed an orc warrior
  2837 | D:3      | Killed an orc warrior
  2838 | D:3      | Reached XP level 6. HP: 41/41 MP: 2/9
  3361 | D:3      | Noticed a +0 falchion
  3361 | D:3      | Noticed a +0 falchion
  3361 | D:3      | Noticed a +0 spear
  3361 | D:3      | Noticed a +0 dagger
  3362 | D:3      | Noticed a +0 dagger
  3362 | D:3      | Noticed a +0 short sword
  3362 | D:3      | Noticed a +0 short sword
  3363 | D:3      | Noticed a +0 spear
  3365 | D:3      | Found a hide-covered altar of Uskayaw.
  3381 | D:3      | Reached skill level 1 in Maces & Flails
  3475 | D:3      | Reached XP level 7. HP: 35/46 MP: 1/10
  3860 | D:4      | Noticed Pikel
  3875 | D:4      | Killed Pikel
  3876 | D:4      | Reached skill level 3 in Maces & Flails
  3876 | D:4      | Reached XP level 8. HP: 26/52 MP: 4/11
  4044 | D:4      | Found a shadowy altar of Dithmenos.
  4082 | D:4      | Found a snail-covered altar of Cheibriados.
  4554 | D:5      | Entered Level 5 of the Dungeon
  4600 | D:5      | Found a stormy altar of Qazlal.
  4605 | D:4      | Reached skill level 4 in Maces & Flails
  4676 | D:5      | Found a glowing silver altar of Zin.
  4701 | D:5      | Noticed Duvessa
  4703 | D:5      | Noticed Dowan
  4709 | D:5      | Killed Duvessa
  4712 | D:5      | Killed Dowan
  4884 | D:5      | Became a worshipper of Qazlal Stormbringer
  5198 | D:5      | Found a staircase to the Ecumenical Temple.
  5352 | D:5      | Reached skill level 5 in Maces & Flails
  5352 | D:5      | Reached XP level 9. HP: 57/57 MP: 5/12
  5500 | D:5      | Reached skill level 10 in Ice Magic
  6148 | D:6      | Found a sacrificial altar of Ru.
  6302 | D:6      | Found a sparkling altar of Nemelex Xobeh.
  6528 | D:6      | Reached skill level 6 in Maces & Flails
  6996 | D:7      | Identified the +5 robe of Fun and Games {rCorr Int+3}
  7001 | D:7      | Reached * piety under Qazlal
  7475 | D:7      | Reached skill level 7 in Maces & Flails
  7477 | D:7      | Reached XP level 10. HP: 61/63 MP: 5/13
  8206 | D:8      | Found an ancient bone altar of Kikubaaqudgha.
  8212 | D:8      | Found a shimmering blue altar of Sif Muna.
  8214 | D:8      | Found a radiant altar of Vehumet.
  8270 | D:8      | Got Kikubaaqudgha's Folio of Wicked Mysteries
  8808 | D:8      | Reached skill level 8 in Maces & Flails
  9008 | D:9      | Reached ** piety under Qazlal
  9230 | D:9      | Reached XP level 11. HP: 50/68 MP: 6/14
  9231 | D:9      | Reached skill level 9 in Maces & Flails
  9700 | D:9      | Noticed a two-headed ogre
  9814 | D:9      | Killed a two-headed ogre
 10091 | D:10     | Entered Level 10 of the Dungeon
 10236 | D:10     | Found a staircase to the Orcish Mines.
 10249 | D:10     | Reached skill level 1 in Fighting
 10249 | D:10     | Reached skill level 1 in Invocations
 10265 | D:10     | Reached *** piety under Qazlal
 10273 | D:10     | Reached skill level 1 in Polearms
 10469 | D:10     | Found a snail-covered altar of Cheibriados.
 10811 | D:10     | Reached skill level 5 in Dodging
 11089 | D:10     | Found a shimmering altar of Xom.
 11201 | D:11     | Noticed a manticore
 11210 | D:11     | Noticed a manticore
 11214 | D:11     | Killed a manticore
 11288 | D:11     | Found a staircase to the Lair.
 11293 | D:11     | Noticed a boulder beetle
 11300 | D:11     | Killed a boulder beetle
 11322 | D:11     | Reached XP level 12. HP: 77/83 MP: 5/15
 11483 | D:11     | Reached skill level 5 in Polearms
 11486 | D:11     | Reached **** piety under Qazlal
 11759 | D:11     | Reached skill level 5 in Fighting
 11759 | D:11     | Reached skill level 5 in Invocations
 12062 | D:11     | Found Teat's Book Emporium.
 12347 | Lair:1   | Entered Level 1 of the Lair of Beasts
 12382 | Lair:1   | Noticed an eight-headed hydra
 12392 | D:11     | Killed an eight-headed hydra
 13000 | Lair:1   | Paralysed by a floating eye for 2 turns
 13173 | Lair:1   | Paralysed by a floating eye for 2 turns
 13178 | Lair:1   | Paralysed by a floating eye for 4 turns
 13183 | Lair:1   | Paralysed by a floating eye for 2 turns
 13609 | Lair:2   | Found a staircase to the Swamp.
 13736 | Lair:2   | Reached ***** piety under Qazlal
 13737 | Lair:2   | Reached XP level 13. HP: 74/96 MP: 12/18
 14069 | Lair:2   | Found a staircase to the Snake Pit.
 14775 | Lair:3   | Noticed Amaemon
 14779 | Lair:3   | Killed Amaemon
 14788 | Lair:3   | Reached skill level 10 in Dodging
 15818 | Lair:4   | Reached skill level 10 in Polearms
 16441 | Lair:4   | Identified the +1 helmet of Intuition {Dex+5}
 16649 | Lair:5   | Entered Level 5 of the Lair of Beasts
 16659 | Lair:5   | Reached XP level 14. HP: 107/108 MP: 17/20
 16914 | Lair:5   | Reached skill level 10 in Fighting
 16924 | Lair:5   | Reached skill level 10 in Invocations
 17213 | Lair:5   | Reached ****** piety under Qazlal
 17688 | Lair:5   | Found a viscous altar of Jiyva.
 17688 | Lair:5   | Found a staircase to the Slime Pits.
 17708 | Lair:5   | Learned a level 5 spell: Yara's Violent Unravelling
 18212 | Orc:1    | Entered Level 1 of the Orcish Mines
 18445 | Orc:1    | Reached skill level 1 in Transmutations
 18527 | Orc:1    | Found Rifirpho's CLEARANCE SALE!.
 18535 | Orc:1    | Bought a scroll of identify for 2 gold pieces
 18739 | Orc:2    | Entered Level 2 of the Orcish Mines
 18746 | Orc:2    | Reached skill level 1 in Hexes
 18748 | Orc:2    | Noticed an orc warlord
 18759 | Orc:2    | Reached XP level 15. HP: 66/118 MP: 21/23
 18765 | Orc:2    | Killed an orc warlord
 18806 | Orc:2    | Found a staircase to the Elven Halls.
 19095 | Orc:2    | Noticed an orc warlord
 19120 | Orc:2    | Killed an orc warlord
 19543 | Orc:2    | Noticed Nessos
 19574 | Orc:2    | Killed Nessos
 19575 | Orc:2    | Reached skill level 5 in Transmutations
 19927 | Orc:2    | Found Domuoz's Book Shop.
 19927 | Orc:2    | Found Zoheal's Antique Weapon Emporium.
 19927 | Orc:2    | Found Wymn's Jewellery Shoppe.
 19927 | Orc:2    | Found Naluv's Distillery.
 19938 | Orc:2    | Bought a potion of heal wounds for 85 gold pieces
 19938 | Orc:2    | Bought a potion of heal wounds for 85 gold pieces
 19939 | Orc:2    | Bought the ring of the Ban {+Blink Fly rPois Int+3} for 504
                  | gold pieces
 19943 | Orc:2    | Bought a manual of Maces & Flails for 880 gold pieces
 20330 | D:12     | Upgraded the game from 0.29-a0-876-gfc89b1a to
                  | 0.29-a0-878-g7b45a56
 20376 | D:12     | Identified the +5 ring mail "Taymit" {Harm rElec Dex-5
                  | Stlth+}
 20632 | D:12     | Reached skill level 5 in Hexes
 20972 | D:12     | Reached skill level 10 in Maces & Flails
 21206 | D:12     | Identified the +12 long sword of Spite {vorpal, rPois rC+
                  | rN+ Int-2}
 22686 | D:14     | Paralysed by an ogre mage for 5 turns
 22727 | D:14     | Noticed a tengu reaver
 22732 | D:14     | Killed a tengu reaver
 22733 | D:14     | Reached XP level 16. HP: 76/127 MP: 11/24
 23212 | Abyss:3  | Cast into level 3 of the Abyss (a wizard)
 23216 | D:14     | Escaped the Abyss
 23797 | D:14     | Reached skill level 11 in Maces & Flails
 24256 | D:14     | Found a gate to the Vaults.
 24307 | D:14     | You are sucked into a shaft and drop 1 floor!
 24307 | D:15     | Entered Level 15 of the Dungeon
 24495 | D:14     | Found a sparkling altar of Nemelex Xobeh.
 24678 | Snake:1  | Entered Level 1 of the Snake Pit
 26103 | Snake:2  | Noticed a nagaraja
 26104 | Snake:2  | Reached skill level 10 in Transmutations
 26106 | Snake:2  | Killed a nagaraja
 26108 | Snake:2  | Reached skill level 12 in Maces & Flails
 26378 | Snake:2  | Noticed Aizul
 26391 | Snake:2  | Killed Aizul
 27046 | Snake:2  | Identified a scroll of acquirement
 27046 | Snake:2  | Acquired the Treatise on Wintry Battle Magic
 27509 | Snake:3  | Reached XP level 17. HP: 135/138 MP: 20/25
 28397 | Snake:3  | Reached skill level 13 in Maces & Flails
 29122 | Snake:4  | Entered Level 4 of the Snake Pit
 29421 | Snake:4  | Reached skill level 10 in Hexes
 29422 | Snake:4  | Gained mutation: You are frail. (-10% HP) [you]
 29428 | Snake:4  | Noticed Vashnia
 29440 | Snake:4  | Killed Vashnia
 29729 | Snake:4  | Reached skill level 14 in Maces & Flails
 30419 | Snake:4  | Lost mutation: You are frail. (-10% HP) [potion of
                  | mutation]
 30419 | Snake:4  | Gained mutation: You have a pair of small horns on your
                  | head. [potion of mutation]
 30419 | Snake:4  | Gained mutation: You have a somewhat thin skeletal
                  | structure. (Dex +2, Stealth+) [potion of mutation]
 30781 | Snake:4  | Reached XP level 18. HP: 137/147 MP: 23/26
 30782 | Snake:4  | Reached skill level 5 in Shields
 30969 | Snake:4  | Noticed Nikola
 30989 | Snake:4  | Killed Nikola
 31289 | Snake:4  | Got a serpentine rune of Zot
 31519 | Swamp:1  | Entered Level 1 of the Swamp
 32145 | Swamp:1  | Reached skill level 15 in Maces & Flails
 33841 | Swamp:3  | Identified the +0 chain mail "Xuicea" {Drain rC++ Regen+
                  | Int+2}
 34874 | Swamp:4  | Entered Level 4 of the Swamp
 34916 | Swamp:4  | Noticed a tentacled monstrosity
 34936 | Swamp:4  | Killed a tentacled monstrosity
 35329 | Swamp:4  | Reached XP level 19. HP: 106/153 MP: 24/27
 35639 | Swamp:4  | Reached skill level 10 in Shields
 35772 | Swamp:4  | Noticed Mara
 36336 | Swamp:4  | Reached skill level 16 in Maces & Flails
 36532 | Swamp:4  | Noticed GeorgeSoros's illusion
 36533 | Swamp:4  | Killed Mara
 36752 | Swamp:4  | Got a decaying rune of Zot
 37042 | Vaults:1 | Entered Level 1 of the Vaults
 37131 | D:14     | Learned a level 4 spell: Hailstorm
 37255 | Vaults:1 | Found a transporter.
 37258 | Vaults:1 | Found a transporter.
 37258 | Vaults:1 | Noticed alcopop's ghost (adept DjVM)
 37391 | Vaults:1 | Identified the +2 arbalest of Royalism {venom, Str+3 Int+4}
 37411 | Vaults:1 | Reached skill level 1 in Conjurations
 37660 | Vaults:1 | Noticed Zenata
 37671 | Vaults:1 | HP: 4/153 [Zenata/a resonance strike (29)]
 37671 | Vaults:1 | Mangled by a +6 war axe of draining

Illustrated notes

Levels and vault maps discovered:
D:1:      shiori_arrival_whats_in_store_for_you, layout_loops_corners
D:2:      layout_loops_ring, dreamdust_ecumenical_altar_angels_and_demons,
          minmay_lizard_king, uniq_terence, uniq_jessica
D:3:      layout_rooms, nicolae_uskayaw_en_pointe
D:4:      layout_basic, mainiacjoe_overflow_24_doors,
          nicolae_dithmenos_shadow_blocks, serial_glass, glass_columns_c,
          glass_columns_a, uniq_pikel
D:5:      layout_loops_ring, mainiacjoe_overflow_catwalk_spiral,
          minmay_temple_entry_sparse_star, minmay_misc_feat_pillars,
          corexii_shack, uniq_duvessa
D:6:      layout_basic, mainiacjoe_overflow_chevrons, lemuel_tele_altar
D:7:      layout_loops_ring, kennysheep_generic_room_3
D:8:      layout_rooms, grunt_temple_overflow_magic_moments, fountainhead
D:9:      layout_basic
D:10:     layout_roguey, kennysheep_orc_monster_closet_entryway,
          hangedman_feature_mirror
D:11:     layout_basic, lair_entry_dummy, serial_shops, shop
D:12:     layout_roguey, hangedman_decor_diamond_cutter
D:13:     layout_basic
D:14:     minmay_containers, layout_irregular_city, ximxim_vaults_locker_room,
          nemelex_diamond_rough_becter, hellmonk_bongcloud_opening,
          onia_ninara_cookie
D:15:     grunt_enter_depths_hoard, layout_loops_ring,
          nicolae_wu_jian_wuxing_cycle
Lair:1:   layout_cave_shapes, roderic_batcave, disabler_island,
          grunt_megastairs_5
Lair:2:   layout_regular_city, minmay_swamp_entry_worms,
          guppyfry_snake_entry_garden
Lair:3:   layout_regular_city, columned_hall_lemuel,
          infiniplex_staircase_pool_2, lemuel_fruit_tree, grunt_megastairs_1,
          uniq_amaemon
Lair:4:   layout_loops_ring, grunt_megastairs_2, serial_bayou_shore_b
Lair:5:   hangedman_lair_tendril_chambers, layout_regular_city, slime_entry_1
Swamp:1:  layout_basic_swamp, evilmike_swamp_ruin_house_3
Swamp:2:  layout_falls_marsh, evilmike_swamp_ruin_house_5
Swamp:3:  layout_falls_marsh, evilmike_swamp_ruin_rubble_1,
          nicolae_swamp_bloodsuckers_inc
Swamp:4:  swamp_basic_johnstein, layout_basic_swamp, swamp_pool4,
          hangedman_swamp_diagram, uniq_mara
Snake:1:  layout_chambers
Snake:2:  layout_misc_corridors, nicolae_snake_gridmaze_swirls, uniq_aizul
Snake:3:  layout_grid_shapes, nicolae_snake_magic_snake_eye, grunt_megastairs_4
Snake:4:  grunt_snake_rune_pools, layout_layer_cave, grunt_ministairs_8,
          serial_bayou_shore_a, uniq_nikola, uniq_vashnia
Orc:1:    layout_diamond_mine, nicolae_shop_clearance
Orc:2:    st_orc_ogre_mass, layout_caves, uniq_nessos
Vaults:1: gammafunk_ghost_mausoleum, vaults_room_corners,
          nicolae_vaults_network_star, grunt_vaults_hallway_short, v_pattern_5,
          nicolae_vaults_hallways_thing, v_misc_13, ontoclasm_vaults_gateway,
          nicolae_vaults_sealed_display, v_misc_4,
          nicolae_vaults_diagonal_hallway_8, grunt_vaults_funnel,
          nicolae_vaults_display_case, layout_vaults_big_cross, serial_shops,
          nicolae_shop_stone, uniq_zenata

Skill      XL: |  1  2  3  4  5  6  7  8  9 10 11 12 13 14 15 16 17 18 19 |
---------------+----------------------------------------------------------+-----
Shields        | 1 3 4 9 10 | 10.9
Ice Magic      | 5 6 7 8 9 11 13 14 | 14.0
Maces & Flails | 1 3 5 7 8 9 10 12 14 15 16 | 16.2
Fighting       | 4 7 9 11 12 13 14 | 14.3
Dodging        | 5 9 11 13 | 13.4
Invocations    | 4 7 9 11 12 | 12.9
Polearms       | 4 8 10 12 | 12.7
Transmutations | 2 7 10 13 | 13.2
Hexes          | 1 5 8 10 | 10.3
Conjurations   | 1 |  1.6
Stealth        | |  2.1
Spellcasting   | |  2.0

Action                   |  1- 3 |  4- 6 |  7- 9 | 10-12 | 13-15 | 16-18 | 19-21 || total
-------------------------+-------+-------+-------+-------+-------+-------+-------++-------
Melee: Dagger            |    20 |    45 |       |       |       |       |       ||    65
       Punch             |     1 |       |       |       |       |       |       ||     1
       Morningstar       |       |    14 |   103 |   249 |   525 |   814 |   271 ||  1976
       Spear             |       |       |     2 |    10 |       |       |       ||    12
       Trident           |       |       |       |       |     2 |    69 |       ||    71
       Headbutt          |       |       |       |       |       |   126 |    93 ||   219
Throw: Dart              |       |     2 |       |       |       |       |       ||     2
 Cast: Freeze            |    40 |    14 |     3 |       |       |       |       ||    57
       Ozocubu's Armour  |       |     5 |    20 |    44 |    70 |   119 |    22 ||   280
       Frozen Ramparts   |       |     5 |    22 |    57 |    92 |   123 |    11 ||   310
       Yara's Violent Un |       |       |       |       |       |    10 |     2 ||    12
Invok: Upheaval          |       |       |       |       |    13 |    32 |     8 ||    53
       Disaster Area     |       |       |       |       |       |     1 |       ||     1
Evoke: Wand              |       |       |       |     4 |       |       |       ||     4
       Lightning rod     |       |       |       |       |     2 |       |       ||     2
  Use: Scroll            |     4 |     3 |     7 |     5 |     7 |     6 |     1 ||    33
       Potion            |       |       |       |     1 |     3 |     3 |     1 ||     8
 Stab: Sleeping          |     7 |     3 |       |       |       |       |       ||    10
Armor: Robe              |     4 |     7 |    19 |    90 |   127 |   201 |    69 ||   517
       Leather armour    |       |     7 |       |       |       |       |       ||     7
Dodge: Dodged            |    27 |    25 |    43 |   147 |   308 |   622 |   197 ||  1369
       Repelled          |       |       |       |     3 |     1 |    33 |     5 ||    42
Block: Buckler           |       |     8 |    26 |   133 |   397 |   641 |    76 ||  1281
       Kite shield       |       |       |       |       |       |       |   196 ||   196

Table legend: (Time is in decaauts)
 A = Elapsed time spent in this place.
 B = Non-inter-level travel time spent in this place.
 C = Inter-level travel time spent in this place.
 D = Time resting spent in this place.
 E = Time spent auto-exploring this place.
 F = Levels seen in this place.
 G = Mean time per level.
                   A        B        C        D        E       F      G
               +--------+--------+--------+--------+--------+-----+--------+
         Total |  37353 |  35145 |   2208 |   4862 |  23661 |  32 | 1167.3 |
       Dungeon |  17242 |  15983 |   1259 |   1204 |  12082 |  15 | 1149.5 |
          Lair |   5821 |   5415 |    406 |    331 |   4047 |   5 | 1164.2 |
         Swamp |   4909 |   4738 |    171 |   1826 |   1943 |   4 | 1227.2 |
     Snake Pit |   6730 |   6456 |    274 |   1105 |   3983 |   4 | 1682.5 |
  Orcish Mines |   2072 |   1977 |     95 |    396 |   1203 |   2 | 1036.0 |
        Vaults |    573 |    573 |      0 |      0 |    401 |   1 |  573.0 |
         Abyss |      3 |      3 |      0 |      0 |      0 |   1 |    3.0 |
               +--------+--------+--------+--------+--------+-----+--------+

Top non-repeatable levels by time:
 Snake:4: 1990 daAuts
 Snake:3: 1964 daAuts
    D:13: 1772 daAuts
 Swamp:3: 1685 daAuts
     D:1: 1630 daAuts
 Swamp:1: 1610 daAuts
 Snake:1: 1559 daAuts
    D:14: 1535 daAuts
  Lair:2: 1530 daAuts
    D:11: 1451 daAuts
  Lair:5: 1441 daAuts
     D:5: 1376 daAuts
     D:7: 1346 daAuts
   Orc:2: 1242 daAuts
     D:9: 1241 daAuts
